 Dungeon Crawl Stone Soup version 0.29-a0-732-g3d7fbe0af2 (webtiles) character file.

Game seed: 11762100049790982887

100058 avis the Severer (level 16, -2/141 (149) HPs)
             Began as a Hill Orc Monk on June 29, 2022.
             Was a High Priest of Beogh.
             Shot with an arrow by a satyr (32 damage)
             ... on level 1 of the Shoals on June 30, 2022.
             The game lasted 04:21:58 (35915 turns).

avis the Severer (Hill Orc Monk)                   Turns: 35915, Time: 04:21:59

HP:   -2/141 (149)  AC: 22    Str: 22    XL:     16   Next: 26%
MP:   23/23         EV: 12    Int: 10    God:    Beogh [*****.]
Gold: 2493          SH: 11    Dex: 13    Spells: 15/15 levels left

rFire   + + .      SeeInvis .   a - +9 broad axe (elec)
rCold   + . .      Faith    .   o - +0 kite shield {rC+}
rNeg    . . .      Spirit   .   O - +3 scale mail {rF+}
rPois   .          Reflect  .   (no helmet)
rElec   .          Harm     .   j - +0 cloak
rCorr   .          Rampage  .   R - +2 pair of gloves
Will    .....                   y - +0 pair of boots
Stlth   ..........              n - amulet of magic regeneration
HPRegen 0.33/turn               t - ring of protection from fire
MPRegen 0.58/turn               s - +4 ring of protection

@: weak-willed, afraid, studying Unarmed Combat, drained
A: walk on water
a: Renounce Religion, Smiting, Recall Orcish Followers, Give Item to Named
Follower


You were on level 1 of the Shoals.
You worshipped Beogh.
Beogh was extremely pleased with you.
You visited 6 branches of the dungeon, and saw 22 of its levels.
You also visited: Ossuary, Bailey, Ice Cave and Volcano.

You collected 2635 gold pieces.
You spent 142 gold pieces at shops.

Inventory:

Hand Weapons
 a - a +9 broad axe of electrocution (weapon)
 b - a +6 sling of flaming
 e - a +0 sling
 v - a +0 spear
 w - a +0 sling
 K - a +0 sling
 L - a +0 spear
 M - a +0 trident
 Q - a +0 trident
Missiles
 S - 2 boomerangs
 V - a throwing net (quivered)
Armour
 j - a +0 cloak (worn)
 o - a +0 kite shield of cold resistance (worn)
 y - a +0 pair of boots (worn)
 N - a +0 plate armour
 O - a +3 scale mail of fire resistance (worn)
 R - a +2 pair of gloves (worn)
Magical Staves
 P - a staff of conjuration
Jewellery
 n - an amulet of magic regeneration (around neck)
 q - a ring of poison resistance
 s - a +4 ring of protection (right hand)
 t - a ring of protection from fire (left hand)
Wands
 c - a wand of polymorph (11)
 d - a wand of iceblast (3)
 k - a wand of digging (3)
 z - a wand of flame (19)
 E - a wand of mindburst (27)
 W - a wand of light (19)
Scrolls
 l - 15 scrolls of teleportation
 m - a scroll of acquirement
 u - a scroll of torment {unknown}
 x - 4 scrolls of fear
 D - 3 scrolls of blinking
 H - 5 scrolls of fog
 X - a scroll of poison
 Y - 2 scrolls of summoning
Potions
 f - a potion of haste
 g - a potion of heal wounds
 h - 3 potions of flight
 i - 2 potions of berserk rage
 p - 2 potions of ambrosia
 A - 2 potions of invisibility
 B - 3 potions of lignification
 F - 2 potions of brilliance
 G - 4 potions of magic
 I - 4 potions of might
 J - a potion of resistance
 T - 2 potions of cancellation
 U - a potion of curing
Miscellaneous
 r - a tin of tremorstones (2/2)
 C - a phantom mirror


   Skills:
 - Level 15.0 Fighting
 - Level 18.0 Axes
 * Level 13.5 Ranged Weapons
 - Level 10.0 Armour
 + Level 7.6 Dodging
 - Level 1.5 Stealth
 - Level 10.1 Shields
 - Level 10.0 Invocations


You had 15 spell levels left.
You didn't know any spells.
Your spell library contained the following spells:

 Spells                   Type           Power      Damage    Failure   Level
 Apportation              Tloc           0%         N/A       88%         1
 Necrotize                Necr           0%         1d4       88%         1
 Summon Small Mammal      Summ           0%         N/A       88%         1
 Conjure Flame            Conj/Fire      0%         6-21      99%         3
 Frozen Ramparts          Ice            0%         1d2       99%         3
 Ignite Poison            Fire/Tmut/Pois 0%         N/A       99%         3
 Mephitic Cloud           Conj/Pois/Air  0%         N/A       99%         3
 Ozocubu's Armour         Ice            0%         N/A       99%         3
 Vampiric Draining        Necr           0%         2d6       99%         3
 Animate Armour           Summ/Erth      0%         N/A       100%        4
 Corpse Rot               Necr/Pois/Air  0%         N/A       100%        4
 Dispel Undead            Necr           0%         3d6       100%        4
 Ice Form                 Ice/Tmut       0%         N/A       100%        4
 Sticky Flame             Conj/Fire      0%         2d3       100%        4
 Summon Ice Beast         Ice/Summ       0%         N/A       100%        4
 Agony                    Necr           0%         N/A       100%        5
 Blade Hands              Tmut           0%         N/A       100%        5
 Fireball                 Conj/Fire      0%         3d3       100%        5
 Freezing Cloud           Conj/Ice/Air   0%         6-21      100%        5
 Metabolic Englaciation   Hex/Ice        0%         N/A       100%        5
 Death Channel            Necr           0%         N/A       100%        6
 Iron Shot                Conj/Erth      0%         9d1       100%        6
 Simulacrum               Ice/Necr       0%         N/A       100%        6
 Starburst                Conj/Fire      0%         6d3       100%        6
 Ignition                 Fire           0%         3d3       100%        8


Dungeon Overview and Level Annotations

Branches:
Dungeon (10/15)            Temple (1/1) D:4            Lair (6/6) D:9
 Shoals (1/4) Lair:3       Spider (2/4) Lair:3        Slime (0/5) Lair:5
    Orc (2/2) D:10        Ossuary (visited)          Bailey (visited)
  IceCv (visited)         Volcano (visited)
    Elf: Orc:2

Altars:
Gozag
Hepliaklqana
Kikubaaqudgha
Ru
Wu Jian
Jiyva

Shops:
D:10 *   Orc:1 *

Annotations:
D:10 1 transporter, tabacat's ghost, journeyman DrCj


Message History

Your orc knight looks more experienced.
The satyr shoots an arrow.
The arrow hits you!
The faun unwields a +0 sling.
The faun wields a +0 spear.
The faun hits you with a +0 spear.
The faun unwields a +0 sling.
The faun wields a +2 quarterstaff of draining.
You sense an unholy aura.
You block the faun's attack. The faun hits you with a +0 club.
The satyr shoots an arrow.
The arrow barely misses you.
The arrow closely misses the faun.
The faun hits you but does no damage.
You feel drained. You block the faun's attack.
Things that are here:
a +4 trident; 26 gold pieces; a merfolk corpse You barely miss the faun.
You closely miss the faun. You slash the faun! You barely miss the satyr.
The faun no longer looks unusually strong.
The faun splashes around in the water.
The satyr shoots an arrow.
The arrow hits you!!
* * * LOW HITPOINT WARNING * * *
You block the faun's attack. The faun barely misses you.
You slice the faun!! Lightning courses through the faun!
The faun is heavily wounded.
You hit the faun. Lightning courses through the faun!!
You closely miss the satyr. You hit the faun.
Lightning courses through the faun! The faun hits you but does no damage.
You hear a thunk.
A bolt appears from out of your range of vision.
The bolt hits the faun but does no damage.
The satyr unwields a +4 longbow.
The satyr hits you!
* * * LOW HITPOINT WARNING * * *
You block the faun's attack.
The faun hits you with a +2 quarterstaff of draining!
* * * LOW HITPOINT WARNING * * *
You feel drained.
* * * LOW HITPOINT WARNING * * *
You feel much better. The faun hits you but does no damage.
The faun hits you with a +2 quarterstaff of draining.
* * * LOW HITPOINT WARNING * * *
You feel drained. The faun misses you.
The satyr wields a +4 longbow.
The satyr shoots an arrow.
The arrow hits you!!
You die...

...≈≈≈≈≈≈≈ .≈ ≈≈≈≈ #.....≈≈≈
.≈≈≈≈ ≈≈≈≈ #.....≈≈ .≈≈≈≈≈
###''### #.....≈≈ ..≈≈≈#
##≈≈≈≈≈.## #....≈≈ ...≈≈#
##≈≈....≈≈## #....≈≈ ....≈#
#8≈.....≈≈8# #....≈≈
.....#######....c...#######....≈≈
.....#'≈≈≈≈##..c@c≈##≈≈≈≈'#....≈≈
......#≈≈≈≈≈###c'###≈≈≈≈≈#.....≈≈
......##≈≈≈≈≈≈....≈≈≈≈≈≈##....≈≈≈
.......###≈≈≈≈≈..≈o≈≈≈###....≈≈≈≈
.........##8#8####8#8##.....≈≈≈≈≈
..........############.....≈≈≈≈≈≈
..........#.....≈≈≈≈>.....≈≈≈≈≈≈≈
..........#..≈≈.≈≈≈≈≈....≈≈≈≈≈≈≈≈
............≈≈≈≈≈≈≈≈.....≈≈≈≈≈≈≈≈


You could see a satyr (scary), 3 fauns and a friendly orc knight.

Vanquished Creatures
  Kirke (Lair:4)
  An entropy weaver (Spider:1)
  Snorg (Lair:5)
  A merfolk impaler (Shoals:1)
  4 hydras (Lair:3)
  2 boulder beetles
  A catoblepas (Lair:3)
  A merfolk avatar (Shoals:1)
  7 death yaks (Lair:3)
  2 orc high priests
  4 sea snakes (Shoals:1)
  An orb spider (Spider:1)
  Pikel (D:4)
  An oklob plant (Lair:6)
  7 wolf spiders
  8 fauns (Shoals:1)
  3 ugly things
  4 manticores (Shoals:1)
  2 merfolk sirens (Shoals:1)
  3 elephants
  6 black mambas
  3 ice statues (IceCv)
  A smoke demon (Volcano)
  5 torpor snails
  2 molten gargoyles (Volcano)
  11 cane toads
  Psyche (D:9)
  An anaconda simulacrum (IceCv)
  5 demonic crawlers
  6 komodo dragons
  4 rime drakes
  An entropy weaver simulacrum (IceCv)
  A freezing wraith (IceCv)
  2 red devils (Volcano)
  A troll (Orc:1)
  2 polar bears
  3 hornets
  Grinder (D:4)
  A tyrant leech (Lair:6)
  4 merfolk (Shoals:1)
  11 tarantellas
  Prince Ribbit (D:6)
  3 snapping turtles (Shoals:1)
  2 dream sheep
  16 blink frogs
  4 culicivoras
  7 wyverns
  32 yaks
  10 jumping spiders
  Eustachio (D:6)
  A wraith (D:9)
  A fire bat (Volcano)
  Grum (D:9)
  4 basilisks
  6 hogs (Lair:4)
  25 redbacks
  A death yak simulacrum (IceCv)
  3 wargs (Orc:1)
  2 harpy simulacra (IceCv)
  An acid dragon (D:10)
  16 water moccasins
  3 black bears
  8 orc warriors
  An ice beast (D:5)
  3 ogres
  12 wolves
  3 centaurs
  A phantom (D:6)
  7 bullfrogs
  A gnoll sergeant (D:9)
  2 scorpions (D:6)
  3 necrophages
  7 wights
  2 elephant simulacra (IceCv)
  3 howler monkeys (D:9)
  6 lava snakes (Volcano)
  4 hounds
  3 gnoll shamans
  2 orc priests (D:8)
  Terence (D:2)
  4 iguanas
  5 orc wizards
  2 wolf simulacra (IceCv)
  9 mummies
  17 gnolls
  4 adders
  A white imp (D:6)
  3 ufetubi
  2 worms (D:1)
  4 dart slugs
  17 orcs
  5 ball pythons
  11 endoplasms
  4 giant cockroaches
  8 goblins
  6 hobgoblins
  8 jackals (D:1)
  4 quokkas
  7 bats
  3 gnoll zombies (Ossuary)
  2 hobgoblin zombies
  3 kobolds (D:1)
  3 kobold zombies (Ossuary)
  2 orc zombies
  6 rats
  A spectral goblin (D:1)
477 creatures vanquished.

Vanquished Creatures (collateral kills)
  Jorgrun (Shoals:1)
  2 emperor scorpions
  A broodmother (Spider:2)
  An entropy weaver (Spider:1)
  An ettin (Orc:1)
  A fire dragon (Lair:6)
  5 hydras
  A boulder beetle (Lair:6)
  The ghost of lmSkywalker the Nimble, a journeyman DjFE of Ashenzari (Lair:1)
  2 merfolk avatars (Shoals:1)
  An orc high priest (Orc:1)
  2 sun moths (Spider:1)
  2 sea snakes (Shoals:1)
  A pharaoh ant (Spider:1)
  4 orb spiders
  3 lindwurms
  7 wolf spiders
  2 fauns (Shoals:1)
  A water nymph (Shoals:1)
  Joseph (D:8)
  A manticore (Shoals:1)
  A guardian serpent (Lair:6)
  4 elephants
  5 torpor snails
  6 black mambas
  2 demonic crawlers (Spider:1)
  10 cane toads
  3 komodo dragons (Lair:6)
  2 ice devils (Lair:3)
  A troll (D:7)
  7 hornets (Lair:6)
  3 tyrant leeches (Lair:6)
  8 merfolk (Shoals:1)
  4 dream sheep (Lair:6)
  A polar bear (Lair:5)
  5 tarantellas
  2 snapping turtles (Shoals:1)
  A wind drake (Shoals:1)
  11 blink frogs
  10 jumping spiders
  2 culicivoras (Spider:1)
  16 yaks
  6 wyverns (Lair:6)
  A hog (Lair:4)
  A basilisk (Lair:3)
  A steam dragon (D:9)
  2 wargs
  12 redbacks
  11 water moccasins
  6 orc warriors
  2 ice beasts (D:8)
  A sky beast (D:7)
  A black bear (Lair:5)
  2 ogres (Orc:2)
  5 centaurs
  3 wolves (Lair:6)
  3 bullfrogs
  2 wights (D:7)
  5 orc priests
  3 orc wizards
  5 gnolls
  9 orcs
  5 butterflies
  A plant (Lair:6)
232 creatures vanquished.

Vanquished Creatures (others)
  An orc high priest (Shoals:1)
  7 orc warriors
  5 orc priests
  An orc wizard (Orc:1)
  18 orcs
  55 fungi
  159 plants
246 creatures vanquished.

Grand Total: 955 creatures vanquished

Notes
Turn   | Place    | Note
-------+----------+-------------------------------------------
     0 | D:1      | avis the Hill Orc Monk began the quest for the Orb.
     0 | D:1      | Reached XP level 1. HP: 19/19 MP: 1/1
     1 | D:1      | Found a runed translucent door.
   142 | D:1      | Reached XP level 2. HP: 23/27 MP: 2/2
   540 | D:1      | Reached skill level 5 in Axes
   701 | D:1      | Reached XP level 3. HP: 23/33 MP: 3/3
   954 | D:1      | Found a faded altar of an unknown god.
  1583 | D:2      | Reached skill level 6 in Axes
  1598 | D:2      | Reached XP level 4. HP: 40/40 MP: 4/4
  1634 | D:2      | Noticed Terence
  1642 | D:2      | Killed Terence
  1749 | D:2      | Reached skill level 5 in Fighting
  1908 | D:2      | Identified the +2 ring mail "Kasmot" {Int+5}
  1993 | D:2      | Reached XP level 5. HP: 45/48 MP: 5/5
  3174 | D:2      | Became a worshipper of Beogh the Brigand
  3174 | D:2      | Reached * piety under Beogh
  3174 | D:2      | Reached ** piety under Beogh
  3449 | D:3      | Reached skill level 7 in Axes
  3985 | D:4      | Noticed an ogre
  3992 | D:4      | Killed an ogre
  3993 | D:4      | Reached skill level 8 in Axes
  3993 | D:4      | Reached XP level 6. HP: 54/56 MP: 4/6
  4147 | D:4      | Found a staircase to the Ecumenical Temple.
  4155 | D:4      | Noticed Pikel
  4176 | D:4      | Killed Pikel
  4177 | D:4      | Reached skill level 10 in Axes
  4177 | D:4      | Reached XP level 7. HP: 20/66 MP: 7/7
  4198 | Temple   | Entered the Ecumenical Temple
  4416 | D:4      | Reached XP level 8. HP: 72/73 MP: 8/8
  4467 | D:4      | Found a hazy altar of Hepliaklqana.
  4467 | D:4      | Found an ornate altar of the Wu Jian Council.
  4601 | D:4      | Noticed Grinder
  4616 | D:4      | Killed Grinder
  4617 | D:4      | Reached skill level 11 in Axes
  5016 | D:5      | Entered Level 5 of the Dungeon
  5299 | D:5      | Reached skill level 1 in Invocations
  5548 | D:5      | Reached skill level 12 in Axes
  5886 | D:5      | Reached skill level 5 in Invocations
  6126 | D:5      | Reached XP level 9. HP: 63/79 MP: 13/13
  6653 | D:6      | Found an ancient bone altar of Kikubaaqudgha.
  6670 | D:6      | Found a sacrificial altar of Ru.
  6766 | D:6      | Noticed Eustachio
  6783 | D:6      | Killed Eustachio
  6945 | D:6      | Reached skill level 13 in Axes
  6995 | D:6      | Reached *** piety under Beogh
  7284 | D:6      | Found an opulent altar of Gozag.
  7372 | D:6      | Noticed Prince Ribbit
  7387 | D:6      | Killed Prince Ribbit
  7981 | D:7      | Noticed a boulder beetle
  7988 | D:7      | Killed a boulder beetle
  7989 | D:7      | Reached skill level 14 in Axes
  7989 | D:7      | Reached XP level 10. HP: 22/86 MP: 14/16
  8416 | D:7      | Found a sand-covered staircase.
  8422 | Ossuary  | Entered an ossuary
  8863 | D:7      | Reached skill level 15 in Axes
 10045 | D:8      | Noticed Joseph
 10062 | D:8      | Killed Joseph
 10063 | D:8      | Reached skill level 10 in Invocations
 10713 | D:8      | Reached skill level 16 in Axes
 11732 | D:9      | Found a staircase to the Lair.
 11863 | D:9      | Noticed Psyche
 11873 | D:9      | Killed Psyche
 11921 | D:9      | Noticed Grum
 11941 | D:9      | Killed Grum
 11942 | D:9      | Reached skill level 10 in Fighting
 11942 | D:9      | Reached skill level 1 in Armour
 11942 | D:9      | Reached XP level 11. HP: 49/99 MP: 18/18
 12487 | Lair:1   | Entered Level 1 of the Lair of Beasts
 12506 | Lair:1   | Reached **** piety under Beogh
 12802 | Lair:1   | Noticed lmSkywalker's ghost (journeyman DjFE)
 12817 | Lair:1   | Found a runed translucent gate.
 12817 | Lair:1   | Found a runed translucent gate.
 12818 | Lair:1   | Found a runed translucent gate.
 12825 | Lair:1   | Reached skill level 5 in Armour
 12830 | Lair:1   | Noticed a four-headed hydra
 12837 | Lair:1   | Killed a four-headed hydra
 12868 | Lair:1   | Reached skill level 5 in Dodging
 13012 | Lair:1   | Noticed a lindwurm
 13018 | Lair:1   | Killed a lindwurm
 13411 | Lair:1   | Noticed a lindwurm
 13419 | Lair:1   | Killed a lindwurm
 14115 | Lair:1   | Upgraded the game from 0.29-a0-723-gce39da1c22 to
                  | 0.29-a0-732-g3d7fbe0af2
 15446 | Lair:2   | Reached XP level 12. HP: 107/113 MP: 19/19
 15836 | Lair:2   | You fall into a shaft and drop 1 floor!
 15836 | Lair:3   | Found a frozen archway.
 15842 | Lair:3   | Gained Arbeogh as an ally
 15855 | IceCv    | Entered an ice cave
 16222 | IceCv    | Reached skill level 1 in Shields
 17103 | Lair:3   | Reached skill level 5 in Shields
 17325 | Lair:3   | Noticed a death yak
 17325 | Lair:3   | Noticed a death yak
 17326 | Lair:3   | Noticed a death yak
 17326 | Lair:3   | Noticed a death yak
 17326 | Lair:3   | Noticed a death yak
 17327 | Lair:3   | Noticed a death yak
 17348 | Lair:3   | Killed a death yak
 17350 | Lair:3   | Killed a death yak
 17359 | Lair:3   | Killed a death yak
 17374 | Lair:3   | Killed a death yak
 17383 | Lair:3   | Killed a death yak
 17395 | Lair:3   | Killed a death yak
 17765 | Lair:3   | Gained Nordag as an ally
 17772 | Lair:3   | Reached XP level 13. HP: 87/125 MP: 20/20
 17778 | Lair:3   | Reached skill level 15 in Fighting
 17788 | Lair:3   | Found a staircase to the Shoals.
 18176 | Lair:3   | Found a hole to the Spider Nest.
 18940 | Lair:3   | Reached skill level 10 in Shields
 20457 | Lair:1   | Reached skill level 17 in Axes
 20458 | Lair:1   | Killed lmSkywalker's ghost
 20669 | Lair:4   | Noticed Kirke
 20681 | Lair:4   | Killed Kirke
 21006 | Lair:4   | Reached skill level 18 in Axes
 22000 | Lair:4   | Reached ***** piety under Beogh
 22103 | D:10     | Entered Level 10 of the Dungeon
 22117 | D:10     | Found Gomynger's General Store.
 22172 | D:10     | Found a flagged portal.
 22184 | Bailey   | Entered a bailey
 22533 | Bailey   | Found a roughly hewn altar of Beogh.
 23188 | Lair:5   | Reached XP level 14. HP: 135/135 MP: 21/21
 23325 | Lair:5   | Reached skill level 1 in Ranged Weapons
 23343 | Lair:5   | Gained Margrim as an ally
 23937 | Lair:5   | Noticed Snorg
 23943 | Lair:5   | Killed Snorg
 24169 | Lair:5   | Found a viscous altar of Jiyva.
 24169 | Lair:5   | Found a staircase to the Slime Pits.
 24559 | Lair:6   | Entered Level 6 of the Lair of Beasts
 24614 | Lair:6   | Reached skill level 10 in Armour
 24622 | Lair:6   | Identified the ring "Qeh Pesa" {rF+++ Will- Int+6 Slay-6
                  | Stlth+}
 25036 | Lair:6   | Gained Bogrim as an ally
 25037 | Lair:6   | Reached skill level 5 in Ranged Weapons
 25057 | Lair:6   | Gained Spirok as an ally
 25075 | Lair:6   | Reached ****** piety under Beogh
 25383 | D:10     | Found a staircase to the Orcish Mines.
 25483 | Orc:1    | Entered Level 1 of the Orcish Mines
 25483 | Orc:1    | Found Ekaanwuc's General Store.
 25508 | Orc:1    | Found a dark tunnel.
 25524 | Orc:1    | Gained Gorbash as an ally
 25638 | Volcano  | Entered a volcano
 25799 | Volcano  | Found a radiant altar of Vehumet.
 26001 | D:10     | Found a transporter.
 26001 | D:10     | Noticed tabacat's ghost (journeyman DrCj)
 26243 | Orc:1    | Bought a scroll of teleportation for 39 gold pieces
 26243 | Orc:1    | Bought a scroll of fear for 45 gold pieces
 26243 | Orc:1    | Bought a scroll of noise for 13 gold pieces
 26243 | Orc:1    | Bought a scroll of amnesia for 45 gold pieces
 26984 | Lair:6   | Paralysed by a hornet for 3 turns
 27349 | Lair:6   | Found a runed translucent door.
 27383 | Lair:6   | Paralysed by a hornet for 1 turns
 27407 | Lair:6   | Reached XP level 15. HP: 80/141 MP: 22/22
 28477 | Spider:1 | Entered Level 1 of the Spider Nest
 28518 | Spider:1 | Reached skill level 10 in Ranged Weapons
 28911 | Spider:1 | Identified the +7 long sword "Ogaxzucwe" {holy, rC++ rCorr
                  | Int-4 Dex+2}
 29259 | Spider:1 | Gained Murdo as an ally
 29348 | Spider:1 | Noticed an emperor scorpion
 29358 | Spider:1 | Killed an emperor scorpion
 29887 | Orc:2    | Entered Level 2 of the Orcish Mines
 30280 | Spider:1 | Gained Bogdar as an ally
 30836 | Spider:1 | Gained Urtork as an ally
 31971 | Spider:2 | Gained Ognian as an ally
 32867 | Spider:2 | Gained Morun as an ally
 33504 | Spider:2 | Noticed an emperor scorpion
 33509 | Spider:2 | Killed an emperor scorpion
 33764 | Shoals:1 | Entered Level 1 of the Shoals
 34188 | Shoals:1 | Your ally Ognian died
 34196 | Shoals:1 | Gained Brunolf as an ally
 34198 | Shoals:1 | Reached XP level 16. HP: 59/149 MP: 23/23
 35242 | Shoals:1 | Noticed Jorgrun
 35255 | Shoals:1 | Killed Jorgrun
 35760 | Shoals:1 | Identified a scroll of acquirement
 35915 | Shoals:1 | Shot with an arrow by a satyr

Illustrated notes

Levels and vault maps discovered:
D:1:      dpeg_arrival_caged_fury, layout_basic,
          dreamdust_ecumenical_altar_drowned_temple
D:2:      layout_loops_cross, serial_co_window_serial, co_window_corner_a,
          co_window_corner_a, co_window_of_opportunity_a,
          co_window_of_opportunity_a, co_window_paths_b, co_window_corner_a,
          co_window_paths_a, co_window_corner_a, co_window_of_opportunity_a,
          co_window_corner_b, co_window_corner_b, co_window_corner_ca,
          co_window_corner_cb, co_window_paths_e, minmay_misc_feat_cross,
          uniq_terence
D:3:      layout_loops_ring
D:4:      layout_basic, chequers_temple_overflow_statue_of_worship,
          minmay_temple_entry_junction_2, uniq_grinder, uniq_pikel
D:5:      layout_loops_corners, amcnicky_mini_pool_small
D:6:      layout_gridville, grunt_temple_overflow_open,
          mainiacjoe_overflow_catwalk, minmay_misc_feat_secret_circle,
          uniq_prince_ribbit1, uniq_eustachio
D:7:      layout_cave_pods, nicolae_ossuary_entry_giza,
          kennysheep_cross_bottleneck
D:8:      layout_cave_pools, serial_co_window_serial, co_window_corner_a,
          co_window_corner_a, co_window_corner_a, co_window_corner_a,
          co_window_paths_a, co_window_paths_c, co_window_unsneaky_path_b,
          co_window_broadway_a, co_window_paths_e, co_window_4corner_b,
          glass_columns_a, glass_columns_a, small_statue_alley_b, uniq_joseph
D:9:      layout_roguey, dpeg_oklobed_lair, grunt_ministairs_13, uniq_psyche,
          uniq_grum
D:10:     old_forge, layout_stronghold, orc_0_dummy, enter_bailey_2,
          gammafunk_ghost_arena, serial_shops, shop_fountains,
          unseen_surprise_small, uniq_lodul
Temple:   bh_familiar_temple
Lair:1:   layout_regular_city, gammafunk_ghost_split, nicolae_lair_lindhole
Lair:2:   layout_loops_ring, grunt_megastairs_5, lemuel_fruit_fields
Lair:3:   nzn_winding_woodlands_large [nzn_winding_woodlands_hourglass,
          nzn_winding_woodlands_5x15_river_crossing,
          nzn_winding_woodlands_5x5_three,
          nzn_winding_woodlands_center_pierced_h,
          nzn_winding_woodlands_15x15_boxy_spiral,
          nzn_winding_woodlands_center_garden,
          nzn_winding_woodlands_5x5_default, nzn_winding_woodlands_5x15_parted,
          nzn_winding_woodlands_5x5_open_star], layout_misc_corridors,
          minmay_shoals_entry_centaurs, dummy_spider_entry,
          portal_ice_cave_demonic_guard
Lair:4:   layout_regular_city, hangedman_lair_generics_rect, uniq_kirke
Lair:5:   layout_regular_city, dpeg_slime_entry_enclosed, serial_rivers,
          chequers_serial_rivers_marsh, chequers_serial_rivers_small_3,
          chequers_serial_rivers_small_a, chequers_serial_rivers_micro_b,
          uniq_snorg
Lair:6:   wormcave, layout_regular_city, hangedman_lair_tendril_chambers,
          serial_bayou_pond_c, serial_bayou_shore_a, lemuel_fruit_fields
Shoals:1: cheibrodos_shoals_oceanic_diplomacy, layout_shoals, uniq_jorgrun
Spider:1: layout_spider_delve
Spider:2: layout_spider_delve, hangedman_spider_tarantella_strand
Orc:1:    layout_caves, serial_shops, nicolae_shop_statue_plus,
          nicolae_volcano_entry_lava_flow
Orc:2:    grunt_orc_tribal_feast, layout_caves

Skill      XL: |  1  2  3  4  5  6  7  8  9 10 11 12 13 14 15 16 |
---------------+-------------------------------------------------+-----
Fighting       | 4 5 7 10 12 14 15 | 15.0
Axes           | 5 6 8 10 12 14 16 18 | 18.0
Invocations    | 6 9 10 | 10.0
Armour         | 1 5 8 10 | 10.0
Dodging        | 5 6 7 |  7.6
Shields        | 8 10 | 10.1
Ranged Weapons | 9 12 13 | 13.5
Stealth        | |  1.5

Action                   |  1- 3 |  4- 6 |  7- 9 | 10-12 | 13-15 | 16-18 || total
-------------------------+-------+-------+-------+-------+-------+-------++-------
Melee: Hand axe          |    57 |       |       |       |       |       ||    57
       Mace              |    54 |   129 |   243 |       |    56 |       ||   482
       Punch             |     1 |     3 |     3 |     5 |       |       ||    12
       War axe           |       |       |     2 |   520 |    42 |       ||   564
       Broad axe         |       |       |       |       |   720 |    68 ||   788
 Fire: Sling             |       |       |       |     6 |    17 |       ||    23
Throw: Stone             |       |     4 |       |       |       |       ||     4
       Dart              |       |     5 |    13 |       |       |       ||    18
       Javelin           |       |       |     5 |       |       |       ||     5
       Boomerang         |       |       |     2 |    47 |       |       ||    49
Invok: Convert to Beogh  |       |     1 |       |       |       |       ||     1
       Smiting           |       |       |     1 |     7 |     1 |       ||     9
       Recall Orcish Fol |       |       |       |     2 |    25 |     8 ||    35
       Give Item to Name |       |       |       |       |    11 |     1 ||    12
       Stop Recall       |       |       |       |       |    10 |     5 ||    15
       Resurrection      |       |       |       |       |     2 |     1 ||     3
Evoke: Wand              |       |     5 |       |    26 |     5 |     5 ||    41
  Use: Potion            |       |     1 |     1 |    12 |     7 |     5 ||    26
       Scroll            |       |       |    12 |     5 |    23 |     2 ||    42
 Stab: Sleeping          |     1 |     1 |       |       |       |       ||     2
       Distracted        |       |       |       |       |     9 |     1 ||    10
       Paralysed         |       |       |       |       |     2 |       ||     2
Armor: Ring mail         |    35 |    64 |    29 |       |       |       ||   128
       Scale mail        |       |       |   135 |   203 |   521 |    60 ||   919
       Skin              |       |       |       |     5 |       |       ||     5
Dodge: Dodged            |    56 |    91 |   174 |   156 |   387 |    44 ||   908
Block: Kite shield       |       |       |       |    44 |   537 |    55 ||   636

Table legend: (Time is in decaauts)
 A = Elapsed time spent in this place.
 B = Non-inter-level travel time spent in this place.
 C = Inter-level travel time spent in this place.
 D = Time resting spent in this place.
 E = Time spent auto-exploring this place.
 F = Levels seen in this place.
 G = Mean time per level.
                   A        B        C        D        E       F      G
               +--------+--------+--------+--------+--------+-----+--------+
         Total |  35811 |  31038 |   4773 |  10157 |  10576 |  26 | 1377.3 |
       Dungeon |  13390 |  11381 |   2009 |   2377 |   6026 |  10 | 1339.0 |
        Temple |     99 |     99 |      0 |      0 |      0 |   1 |   99.0 |
          Lair |  14428 |  12073 |   2355 |   5143 |   3712 |   6 | 2404.7 |
        Shoals |   1034 |   1034 |      0 |    294 |      0 |   1 | 1034.0 |
   Spider Nest |   3501 |   3166 |    335 |   1438 |    353 |   2 | 1750.5 |
  Orcish Mines |    925 |    851 |     74 |      0 |    235 |   2 |  462.5 |
       Ossuary |    288 |    288 |      0 |      0 |      0 |   1 |  288.0 |
        Bailey |    714 |    714 |      0 |     53 |    249 |   1 |  714.0 |
      Ice Cave |   1112 |   1112 |      0 |    852 |      0 |   1 | 1112.0 |
       Volcano |    314 |    314 |      0 |      0 |      0 |   1 |  314.0 |
               +--------+--------+--------+--------+--------+-----+--------+

Top non-repeatable levels by time:
  Lair:1: 4227 daAuts
  Lair:3: 3631 daAuts
Spider:1: 2468 daAuts
     D:6: 1797 daAuts
  Lair:2: 1783 daAuts
  Lair:6: 1774 daAuts
     D:4: 1763 daAuts
  Lair:4: 1759 daAuts
     D:9: 1590 daAuts
     D:5: 1570 daAuts
     D:1: 1560 daAuts
     D:2: 1504 daAuts
     D:7: 1260 daAuts
     D:8: 1259 daAuts
  Lair:5: 1253 daAuts
